 Dungeon Crawl Stone Soup version 0.22.1-1-ga44c0e5 (webtiles) character file.

95 dohliylev the Sneak (level 4, -3/31 HPs)
             Began as a Vampire Enchanter on Oct 5, 2018.
             Slain by a gnoll
             ... wielding a +0 flail
              (8 damage)
             ... on level 3 of the Dungeon.
             The game lasted 00:05:13 (1867 turns).

dohliylev the Sneak (Vampire Enchanter)             Turns: 1867, Time: 00:05:13

Health: -3/31      AC:  3    Str:  7    XL:     4   Next: 40%
Magic:  7/7        EV: 13    Int: 18    God:
Gold:   79         SH:  0    Dex: 14    Spells: 5/8 levels left

rFire    . . .     SeeInvis +   c - +1 short sword (flame)
rCold    . . .     Gourm    .   (no shield)
rNeg     . . .     Faith    .   b - +0 robe
rPois    .         Spirit   .   (no helmet)
rElec    .         Reflect  .   i - +0 cloak
rCorr    .         Harm     .   (no gloves)
MR       .....                  (no boots)
Stlth    +++.......             (no amulet)
HPRegen  0.30/turn              (no ring)
MPRegen  0.10/turn              (no ring)

@: regenerating quickly
A: fangs 3, see invisible, unbreathing
a: no special abilities


You were on level 3 of the Dungeon.
You were full.

You visited 1 branch of the dungeon, and saw 3 of its levels.

You collected 79 gold pieces.

Inventory:

Hand Weapons
 a - a +1 dagger
 c - a +1 short sword of flaming (weapon)
Armour
 b - a +0 robe (worn)
 i - a +0 cloak (worn)
Scrolls
 f - a scroll of teleportation {unknown}
 g - a scroll of noise {unknown}
 h - 3 scrolls of amnesia {unknown}
 j - 5 scrolls of identify {unknown}
 m - a scroll of immolation {unknown}
 n - a scroll of fear {unknown}
 o - a scroll of random uselessness {unknown}
 p - a scroll of blinking {unknown}
 r - a scroll of remove curse {unknown}
Potions
 d - 4 potions of blood
 e - 2 potions of heal wounds {unknown}
 k - a potion of agility {unknown}
 l - a potion of degeneration {unknown}
 q - a potion of brilliance {unknown}


   Skills:
 - Level 0.3 Fighting
 + Level 1.2 Short Blades
 + Level 2.6 Dodging
 + Level 6.6 Stealth
 + Level 2.5 Spellcasting
 - Level 5.0 Hexes


You had 5 spell levels left.
You knew the following spells:

 Your Spells              Type           Power        Failure   Level  Hunger
a - Corona                Hex            ###....      2%          1    #......
b - Ensorcelled Hibernat  Hex/Ice        ##....       10%         2    ##.....

Your spell library contained the following spells:

 Spells                   Type           Power        Failure   Level  Hunger
 Confuse                  Hex            ###.....     7%          3    ###....
 Tukima's Dance           Hex            ###.....     7%          3    ###....
 Dazzling Spray           Conj/Hex       ##....       19%         3    ###....


Dungeon Overview and Level Annotations

Branches:
Dungeon (3/15)

Altars:
Trog


Innate Abilities, Weirdness & Mutations

Your natural rate of healing is unusually fast.
You have razor-sharp teeth.
You have supernaturally acute eyesight. (SInv)
You can survive without breathing.


Message History

The gnoll is almost dead.
The gnoll closely misses you.
You hit the gnoll. You burn the gnoll.
You kill the gnoll!
You hit the gnoll. You burn the gnoll.
The gnoll is moderately wounded.
The gnoll hits you with a flail!
You barely miss the gnoll.
The gnoll is moderately wounded.
The gnoll barely misses you.
You hit the gnoll. You burn the gnoll.
The gnoll is heavily wounded.
You barely miss the gnoll.
The gnoll is heavily wounded.
The gnoll hits you with a flail!
* * * LOW HITPOINT WARNING * * *
You hit the gnoll but do no damage. Your bite misses the gnoll.
The gnoll is heavily wounded.
The gnoll hits you with a flail!
You die...

#.# #.# #.#
#.# #.# #.#
#.#
#.##########
#...@g/.....
############


You could see a gnoll.

Vanquished Creatures
  2 gnolls (D:3)
  2 adders (D:2)
  An ooze (D:2)
  2 worms
  A dart slug (D:1)
  A giant cockroach (D:1)
  11 goblins
  3 hobgoblins (D:1)
  4 jackals
  4 kobolds
  5 bats
  A frilled lizard (D:2)
  10 rats (D:1)
47 creatures vanquished.

Notes
Turn   | Place    | Note
-------+----------+-------------------------------------------
     0 | D:1      | dohliylev the Vampire Enchanter began the quest for the
                  | Orb.
     0 | D:1      | Reached XP level 1. HP: 13/13 MP: 3/3
    76 | D:1      | Reached XP level 2. HP: 9/20 MP: 3/5
    82 | D:1      | Learned a level 2 spell: Ensorcelled Hibernation
   224 | D:1      | Reached skill level 5 in Stealth
   534 | D:1      | Reached XP level 3. HP: 25/25 MP: 6/6
  1041 | D:2      | Reached skill level 5 in Hexes
  1088 | D:2      | Found a bloodstained altar of Trog.
  1232 | D:2      | Reached skill level 6 in Stealth
  1232 | D:2      | Reached XP level 4. HP: 18/31 MP: 4/7
  1867 | D:3      | Slain by a gnoll

Skill      XL: |  1  2  3 |
---------------+----------+-----
Stealth        | 5 6 |  6.6
Hexes          | 5 |  5.0
Fighting       | |  0.3
Short Blades   | |  1.2
Dodging        | |  2.6
Spellcasting   | |  2.5

Action                   |  1- 3 |  4- 6 || total
-------------------------+-------+-------++-------
Melee: Short sword       |    77 |    28 ||   105
       Dagger            |     8 |       ||     8
       Bite              |     4 |     1 ||     5
 Cast: Corona            |     1 |       ||     1
       Ensorcelled Hiber |     2 |     2 ||     4
 Stab: Sleeping          |    15 |     3 ||    18
  Eat: Corpse            |    11 |     1 ||    12
Armor: Robe              |    23 |     1 ||    24
Dodge: Dodged            |    40 |    10 ||    50
